 Dungeon Crawl Stone Soup version 0.21-a0-421-gfc1ce30 (webtiles) character file.

9904 ohad the Martial Artist (level 11, 0/93 HPs)
             Began as an Octopode Transmuter on Nov 4, 2017.
             Was a Follower of Cheibriados.
             Slain by a white ugly thing (13 damage)
             ... on level 11 of the Dungeon.
             The game lasted 00:27:33 (14292 turns).

ohad the Martial Artist (Octopode Transmuter)      Turns: 14292, Time: 00:27:34

Health: 0/93       AC:  7    Str: 11    XL:     11   Next: 53%
Magic:  11/16      EV: 15    Int: 23    God:    Cheibriados [*.....]
Gold:   578        SH:  0    Dex: 15    Spells: 2/17 levels left

rFire    x . .     SeeInvis .     - Unarmed
rCold    + + +     Gourm    .   (shield currently unavailable)
rNeg     . . .     Faith    .   (helmet currently unavailable)
rPois    +         Spirit   .   (no amulet)
rElec    .         Reflect  .   m - ring of resist corrosion
rCorr    +         Harm     .   v - ring of protection from magic
MR       +....                  T - +2 ring of intelligence
Stlth    ++........             (no ring)
HPRegen  0.25/turn              (no ring)
MPRegen  0.15/turn              (no ring)
                                (no ring)
                                (no ring)

@: about to teleport, ice-form, very slow
A: almost no armour, stealthy swim, amphibious, 8 rings, (constrict 8)
a: End Transformation, Bend Time, Renounce Religion


You were on level 11 of the Dungeon.
You worshipped Cheibriados.
Cheibriados was aware of your devotion.
You were not hungry.
You were a creature of crystalline ice.
You visited 2 branches of the dungeon, and saw 12 of its levels.

You collected 578 gold pieces.

Inventory:

Hand Weapons
 n - a +0 shortbow of flaming
 o - a +2 dagger of venom (melded)
 r - a +0 rapier
 x - a +0 hunting sling
 y - a +0 shortbow
 z - a +2 scimitar of flaming
 D - a +2 whip of flaming
 L - a cursed -1 morningstar
 M - a +0 dagger of draining
 N - a +2 great mace of holy wrath
 Q - a +1 dagger of chaos
 S - a +2 short sword of venom
Missiles
 a - 194 arrows
 j - 97 sling bullets
 q - 50 poisoned needles
 H - 29 bolts
 I - 5 javelins (quivered)
 P - 5 curare-tipped needles
 W - 7 poisoned javelins
Jewellery
 m - a ring of resist corrosion (left front paw)
 v - a ring of protection from magic (right front paw)
 T - a +2 ring of intelligence (on tentacle)
Wands
 w - a wand of random effects (10/48)
 A - a wand of scattershot (1/9)
 J - a wand of lightning (9/15)
 O - a wand of lightning (4/15)
 X - a wand of disintegration (16/24)
 Y - a wand of iceblast (8/15)
Scrolls
 d - a scroll of teleportation
 e - 2 scrolls of fear
 g - 2 scrolls of recharging {unknown}
 h - a scroll of identify
 i - 3 scrolls of remove curse
 k - a scroll of enchant armour
 p - 2 scrolls of immolation
 u - 2 scrolls of amnesia {unknown}
 B - 2 scrolls of magic mapping {unknown}
 E - a scroll of enchant weapon {unknown}
 U - 2 scrolls of blinking {unknown}
Potions
 s - a potion of flight
 t - 2 potions of invisibility
 C - 2 potions of lignification
 F - 2 potions of haste
 G - a potion of might
Books
 b - a book of Changes

   Spells                             Type                      Level
   a - Beastly Appendage              Transmutation                1
   b - Sticks to Snakes               Transmutation                2
   c - Spider Form                    Transmutation/Poison         3
   d - Ice Form                       Ice/Transmutation            4
   e - Blade Hands                    Transmutation                5
 K - a book of Maledictions

   Spells                             Type                      Level
   a - Corona                         Hexes                        1
   b - Ensorcelled Hibernation        Hexes/Ice                    2
   c - Confuse                        Hexes                        3
   d - Tukima's Dance                 Hexes                        3
   e - Dazzling Spray                 Conjuration/Hexes            3
 V - a book of Enchantments

   Spells                             Type                      Level
   a - Cause Fear                     Hexes                        4
   b - Yara's Violent Unravelling     Hexes/Transmutation          5
   c - Silence                        Hexes/Air                    5
   d - Deflect Missiles               Charms/Air                   6
   e - Discord                        Hexes                        8
Miscellaneous
 R - a lightning rod (4/4)
Comestibles
 c - 8 bread rations
 f - 6 meat rations
 l - a royal jelly
 Z - 5 chunks of flesh


   Skills:
 - Level 8.5 Fighting
 - Level 8.2 Dodging
 - Level 1.9 Stealth
 + Level 10.8 Unarmed Combat
 - Level 3.5 Spellcasting
 - Level 6.2 Transmutations
 - Level 5.2 Ice Magic


You had 2 spell levels left.
You knew the following spells:

 Your Spells              Type           Power        Failure   Level  Hunger
a - Beastly Appendage     Tmut           ####..       1%          1    None
b - Sticks to Snakes      Tmut           ####....     1%          2    #......
c - Spider Form           Tmut/Pois      ###.......   9%          3    ###....
d - Ice Form              Ice/Tmut       ####....     11%         4    ####...
e - Blade Hands           Tmut           ####......   24%         5    ######.


Dungeon Overview and Level Annotations

Branches:
Dungeon (11/15)            Temple (1/1) D:6
   Lair: D:8-11         Orc: D:9-12

Altars:
Ashenzari
Cheibriados
Dithmenos
Elyvilon
Fedhas
Gozag
Hepliaklqana
Kikubaaqudgha
Makhleb
Nemelex Xobeh
Okawaru
Qazlal
Ru
Sif Muna
Trog
Uskayaw
Vehumet
Wu Jian
Xom
Yredelemnul
Zin
The Shining One

Annotations:
D:6 Scuka's ghost, novice TrHu


Innate Abilities, Weirdness & Mutations

You cannot wear most types of armour.
You are very stealthy in the water. (Stealth+)
You are amphibious.
You can wear up to eight rings at the same time.
((You can use your tentacles to constrict eight enemies at once.))
((Your skin changes colour to match your surroundings (Stealth+).))
((Your rubbery body absorbs attacks. (AC +1, EV +1)))


Message History

The white ugly thing tentacle-slaps you!
* * * LOW HITPOINT WARNING * * *
The white ugly thing freezes you. You resist.
* * * LOW HITPOINT WARNING * * *
You hit the white ugly thing.
The white ugly thing is lightly wounded.
The white ugly thing tentacle-slaps you.
* * * LOW HITPOINT WARNING * * *
The white ugly thing freezes you. You resist.
* * * LOW HITPOINT WARNING * * *
Your adder misses the white ugly thing.
As you read the scroll of teleportation, it crumbles to dust.
You feel strangely unstable.
The white ugly thing closely misses you.
Your adder bites the white ugly thing but does no damage.
Your adder barely misses the white ugly thing.
The white ugly thing tentacle-slaps you but does no damage.
Your adder bites the white ugly thing.
The white ugly thing tentacle-slaps you!
You die...

#### # #..# # #..# #
#..#######
########......... ####
#......).........
....######S.#######'######
..........u.#.............
.........Y..#.#########...
...........## .
...........# ...........#
..######...# . #...# #...#
#...# #..(#


You could see a white ugly thing and a friendly adder.

Vanquished Creatures
  Erica (D:10)
  A centaur warrior (D:10)
  A two-headed ogre (D:9)
  Urug (D:10)
  An unseen horror (D:10)
  Pikel (D:4)
  A cyclops (D:11)
  Psyche (D:8)
  Grinder (D:3)
  A hippogriff (D:8)
  2 wyverns
  6 yaks (D:8)
  A basilisk (D:11)
  A steam dragon (D:10)
  Menkaure (D:5)
  2 ice beasts
  An orc warrior (D:7)
  A slave (D:4)
  2 phantoms
  8 ogres
  5 centaurs
  7 bullfrogs
  4 scorpions
  7 wights
  3 howler monkeys
  A bullfrog zombie (D:7)
  4 crimson imps
  A quasit (D:7)
  5 hounds
  An orc priest (D:8)
  4 jellies
  A bullfrog skeleton (D:8)
  A centaur skeleton (D:5)
  3 orc wizards
  5 iguanas
  Terence (D:3)
  5 worker ants
  A hound skeleton (D:6)
  A gnoll (D:1)
  11 adders
  3 shadow imps
  4 worms
  3 dart slugs
  7 leopard geckos
  23 orcs
  6 giant cockroaches
  10 hobgoblins
  17 jackals
  3 quokkas
  5 ball pythons
  7 bats
  5 frilled lizards
  6 goblins
  9 kobolds
  10 rats
224 creatures vanquished.

Vanquished Creatures (collateral kills)
  Edmund (D:5)
  An ogre (D:7)
2 creatures vanquished.

Vanquished Creatures (others)
  A bullfrog (D:4)
  An orc (D:4)
2 creatures vanquished.

Grand Total: 228 creatures vanquished

Notes
Turn   | Place    | Note
-------+----------+-------------------------------------------
     0 | D:1      | ohad the Octopode Transmuter began the quest for the Orb.
     0 | D:1      | Reached XP level 1. HP: 13/13 MP: 3/3
   242 | D:1      | Reached skill level 1 in Stealth
   660 | D:1      | Reached XP level 2. HP: 15/18 MP: 3/5
   795 | D:1      | Reached XP level 3. HP: 18/23 MP: 4/6
   813 | D:1      | Learned a level 2 spell: Sticks to Snakes
   817 | D:1      | Learned a level 3 spell: Spider Form
  1142 | D:1      | Found a shattered altar of Ashenzari.
  1835 | D:2      | Reached XP level 4. HP: 21/28 MP: 5/7
  2815 | D:3      | Noticed Terence
  2833 | D:3      | Killed Terence
  2851 | D:3      | Found an ancient bone altar of Kikubaaqudgha.
  2874 | D:3      | Reached XP level 5. HP: 29/33 MP: 8/8
  2908 | D:3      | Found a bloodstained altar of Trog.
  3058 | D:3      | Reached skill level 5 in Transmutations
  3152 | D:3      | Noticed a centaur
  3162 | D:3      | Killed a centaur
  3467 | D:3      | Noticed Grinder
  3501 | D:4      | Reached XP level 6. HP: 36/38 MP: 7/9
  3980 | D:4      | Noticed an ice beast
  3987 | D:4      | Killed an ice beast
  3995 | D:4      | Learned a level 4 spell: Ice Form
  4214 | D:4      | Reached XP level 7. HP: 43/43 MP: 12/12
  4292 | D:4      | Noticed Pikel
  4310 | D:4      | Killed Pikel
  4310 | D:4      | Reached skill level 5 in Ice Magic
  4310 | D:4      | Reached XP level 8. HP: 35/48 MP: 10/13
  4503 | D:3      | Killed Grinder
  5086 | D:5      | Entered Level 5 of the Dungeon
  5562 | D:5      | Noticed Menkaure
  5577 | D:5      | Killed Menkaure
  5577 | D:5      | Reached skill level 4 in Unarmed Combat
  5914 | D:5      | Noticed Edmund
  5946 | D:5      | Killed Edmund
  5946 | D:5      | Reached skill level 5 in Unarmed Combat
  6386 | D:5      | Reached XP level 9. HP: 59/59 MP: 6/14
  6420 | D:5      | Learned a level 5 spell: Blade Hands
  6682 | D:6      | Noticed Scuka's ghost (novice TrHu)
  6835 | D:6      | Reached skill level 6 in Unarmed Combat
  8048 | D:7      | Reached skill level 7 in Unarmed Combat
  8319 | D:7      | Reached skill level 8 in Unarmed Combat
  9449 | D:8      | Reached skill level 9 in Unarmed Combat
  9454 | D:8      | Reached XP level 10. HP: 46/65 MP: 7/15
  9654 | D:8      | Reached skill level 10 in Unarmed Combat
 10336 | D:8      | Noticed Psyche
 10339 | D:8      | Paralysed by Psyche for 3 turns
 10344 | D:8      | Killed Psyche
 10443 | D:8      | Reached skill level 5 in Dodging
 10833 | D:9      | Noticed a two-headed ogre
 10843 | D:9      | Killed a two-headed ogre
 10843 | D:9      | Reached skill level 5 in Fighting
 11578 | D:6      | Found a staircase to the Ecumenical Temple.
 11602 | Temple   | Entered the Ecumenical Temple
 11648 | Temple   | Became a worshipper of Cheibriados the Contemplative
 11840 | D:10     | Entered Level 10 of the Dungeon
 11840 | D:10     | Noticed Erica
 11879 | D:10     | Noticed a centaur warrior
 11891 | D:10     | Killed a centaur warrior
 11891 | D:10     | Reached XP level 11. HP: 66/72 MP: 16/16
 12043 | D:10     | Noticed Urug
 12207 | D:10     | Killed Urug
 12571 | D:10     | HP: 1/88 [something (7)]
 12887 | D:10     | Found a sacrificial altar of Ru.
 13330 | D:10     | Killed Erica
 13444 | D:10     | Killed an unseen horror
 13444 | D:10     | Reached * piety under Cheibriados
 13839 | D:11     | Noticed a cyclops
 13847 | D:11     | Killed a cyclops
 14119 | D:11     | Noticed a white ugly thing
 14292 | D:11     | Slain by a white ugly thing

Vault maps used:
D:1:      dpeg_arrival_morbid_curiosity, minmay_misc_feat_tower,
          hangedman_decor_clover_reticule, evilmike_ruin_ashenzari
D:2:      first_bread
D:3:      kiku_gazebo_garden_becter, serial_park_tiny_2, trog_butcher_becter,
          uniq_grinder, uniq_terence
D:4:      saegor_snake_ambush, uniq_pikel
D:5:      uniq_edmund, uniq_menkaure
D:6:      minmay_temple_entry_nine_rooms
D:8:      uniq_psyche
D:9:      orc_david_3
D:10:     basic_altar, uniq_erica, uniq_urug
D:11:     lair_entry_dummy, lemuel_tele_altar
Temple:   nicolae_temple_the_god_donut

Skill      XL: |  1  2  3  4  5  6  7  8  9 10 11 |
---------------+----------------------------------+-----
Stealth        | 1 |  1.9
Transmutations | 3 4 5 6 |  6.2
Spellcasting   | 3 |  3.5
Ice Magic      | 5 |  5.2
Fighting       | 4 6 8 |  8.5
Unarmed Combat | 5 9 10 | 10.8
Dodging        | 3 4 7 8 |  8.2

Action                   |  1- 3 |  4- 6 |  7- 9 | 10-12 || total
-------------------------+-------+-------+-------+-------++-------
Melee: Unarmed           |    66 |    14 |   204 |   181 ||   465
       Constrict         |    26 |    31 |     9 |     6 ||    72
       Kick              |     9 |     6 |       |       ||    15
       Tentacles         |     9 |    14 |     9 |     3 ||    35
       Punch             |     1 |       |     2 |       ||     3
       Dagger            |    19 |   119 |    49 |    22 ||   209
 Cast: Beastly Appendage |     8 |     8 |     1 |       ||    17
       Spider Form       |       |     2 |       |       ||     2
       Sticks to Snakes  |       |     1 |    15 |     8 ||    24
       Ice Form          |       |       |    25 |    26 ||    51
       Blade Hands       |       |       |       |     2 ||     2
  Use: Scroll            |       |     3 |    10 |     6 ||    19
       Potion            |       |       |       |     5 ||     5
 Stab: Sleeping          |    10 |    12 |     5 |     4 ||    31
       Distracted        |       |       |     3 |     1 ||     4
  Eat: Chunk             |     3 |     7 |    21 |    11 ||    42
       Fruit             |       |       |     2 |     2 ||     4
       Royal jelly       |       |       |       |     4 ||     4
Armor: Skin              |     4 |    10 |    37 |    32 ||    83
Dodge: Dodged            |    74 |    84 |   118 |   122 ||   398

Table legend:
 A = Spawn XP
 B = Non-spawn XP
 C = Spawn XP percentage of total XP
 D = Spawn monster count
 E = Non-spawn monster count
 F = Spawn count percentage of total count
 G = Total turns spent on level
                    A         B        C        D         E        F      G
               +---------+---------+-------+---------+---------+-------+---------
         Total |       0 |   14149 |   0.0 |       0 |     225 |   0.0 | 14292
               +---------+---------+-------+---------+---------+-------+---------
           D:1 |       0 |      60 |   0.0 |       0 |      28 |   0.0 |  1655
           D:2 |       0 |      60 |   0.0 |       0 |      28 |   0.0 |   922
           D:3 |       0 |     468 |   0.0 |       0 |      21 |   0.0 |  1189
           D:4 |       0 |     998 |   0.0 |       0 |      14 |   0.0 |  1547
           D:5 |       0 |     845 |   0.0 |       0 |      16 |   0.0 |  1695
           D:6 |       0 |    1178 |   0.0 |       0 |      36 |   0.0 |  1478
           D:7 |       0 |     868 |   0.0 |       0 |      16 |   0.0 |  1250
           D:8 |       0 |    2864 |   0.0 |       0 |      34 |   0.0 |  1419
           D:9 |       0 |     923 |   0.0 |       0 |       5 |   0.0 |   637
          D:10 |       0 |    4464 |   0.0 |       0 |      16 |   0.0 |  1932
          D:11 |       0 |    1421 |   0.0 |       0 |      11 |   0.0 |   509
               +---------+---------+-------+---------+---------+-------+---------
